 Dungeon Crawl Stone Soup version 0.19.0-22-gd96e5fe (webtiles) character file.

184 Jannitor the Slasher (level 5, 0/41 HPs)
             Began as a Demonspawn Skald on Nov 18, 2016.
             Slain by a kobold
             ... wielding a +0 whip
              (1 damage)
             ... on level 3 of the Dungeon.
             The game lasted 00:04:55 (3045 turns).

Jannitor the Slasher (Demonspawn Skald)             Turns: 3045, Time: 00:04:55

Health: 0/41       AC:  9    Str: 13    XL:     5   Next: 36%
Magic:  0/8        EV: 11    Int: 14    God:
Gold:   112        SH:  0    Dex: 12    Spells: 2 memorised, 5 levels left

rFire  . . .     SeeInvis .     a - +0 falchion
rCold  . . .     Gourm    .     b - +0 leather armour
rNeg   . . .     Faith    .     (no shield)
rPois  .         Spirit   .     (no helmet)
rElec  .         Reflect  .     (no cloak)
rCorr  .         Harm     .     (no gloves)
MR     .....                    (no boots)
Stlth  ++........               (no amulet)
                                (no ring)
                                (no ring)

@: infused (expiring), sanguine armour
A: claws 1, nightstalker 1, sanguine armour 1
a: no special abilities


You were on level 3 of the Dungeon.
You were hungry.

You visited 1 branch of the dungeon, and saw 3 of its levels.

You collected 112 gold pieces.

Inventory:

Hand Weapons
 a - a +0 falchion (weapon)
Armour
 b - a +0 leather armour (worn)
Scrolls
 g - a scroll of immolation {unknown}
 j - a scroll of random uselessness {unknown}
 l - 3 scrolls of identify {unknown}
 o - a scroll of remove curse {unknown}
 p - a scroll of teleportation {unknown}
 q - a scroll of noise {unknown}
Potions
 e - a potion of ambrosia {unknown}
 k - a potion of lignification {unknown}
 m - 2 potions of agility {unknown}
 n - a potion of cancellation {unknown}
 t - a potion of invisibility {unknown}
 u - a potion of curing {unknown}
Books
 c - a book of Battle

   Spells                             Type                      Level
   a - Infusion                       Charms                       1
   b - Shroud of Golubria             Charms/Translocation         2
   c - Song of Slaying                Charms                       2
   d - Spectral Weapon                Hexes/Charms                 3
   e - Regeneration                   Charms/Necromancy            3
Comestibles
 d - 3 bread rations
 f - 3 meat rations
 h - a royal jelly
 i - a beef jerky
 r - 3 fruits


   Skills:
 + Level 3.2 Fighting
 * Level 3.8 Long Blades
 - Level 0.8 Armour
 - Level 0.8 Dodging
 - Level 2.0 Spellcasting
 * Level 3.6 Charms


You had 5 spell levels left.
You knew the following spells:

 Your Spells              Type           Power        Failure   Level  Hunger
a - Infusion              Chrm           ##..         10%         1    ##.....
b - Shroud of Golubria    Chrm/Tloc      #.........   24%         2    ###....


Dungeon Overview and Level Annotations

Branches:
Dungeon (3/15)

Altars:
The Shining One

Annotations:
D:3 Natasha


Innate Abilities, Weirdness & Mutations

You have sharp fingernails.
You are slightly more attuned to the shadows.
When seriously injured, your bleeding wounds create armour. (AC +6)


Message History

Unknown command.
You closely miss Natasha.
Natasha is severely wounded.
Your magical infusion is running out.
The white imp closely misses you.
You riposte.
You hit the white imp!
The white imp is severely wounded.
The kobold hits you with a whip.
* * * LOW HITPOINT WARNING * * *
Natasha closely misses you.
You closely miss Natasha.
Natasha is severely wounded.
The white imp hits you but does no damage.
The kobold closely misses you. Natasha claws you!
* * * LOW HITPOINT WARNING * * *
Unknown command.
You hit Natasha.
Natasha is almost dead.
The white imp gestures at you. The puff of frost misses you.
The kobold hits you with a whip.
You die...

............#
............#
...#.####.#.#
...#.####.#.#
.....#.####
......%...#
.........#
#.h5K..# #@# #.#
#.# #.#
#.################
#.................
##################


You could see Natasha, a white imp and a kobold.

Vanquished Creatures
  Natasha (twice) (D:3)
  5 adders
  An ooze (D:3)
  3 worms (D:2)
  A dart slug (D:2)
  5 leopard geckos
  6 orcs
  6 bats
  4 giant cockroaches
  8 goblins
  8 hobgoblins
  7 kobolds
  A quokka (D:2)
  2 ball pythons (D:3)
  5 rats
64 creatures vanquished.

Notes
Turn   | Place    | Note
-------+----------+-------------------------------------------
     0 | D:1      | Jannitor the Demonspawn Skald began the quest for the Orb.
     0 | D:1      | Reached XP level 1. HP: 16/16 MP: 3/3
   314 | D:1      | Gained mutation: You are slightly more attuned to the shadows. [demonic ancestry]
   314 | D:1      | Reached XP level 2. HP: 17/23 MP: 5/5
  1146 | D:2      | Gained mutation: You have sharp fingernails. [demonic ancestry]
  1146 | D:2      | Reached XP level 3. HP: 24/28 MP: 2/6
  1322 | D:2      | Learned a level 2 spell: Shroud of Golubria
  1779 | D:2      | Reached XP level 4. HP: 23/34 MP: 1/7
  2308 | D:3      | Noticed Natasha
  2320 | D:3      | Killed Natasha
  2536 | D:3      | Noticed Natasha
  2545 | D:3      | Killed Natasha
  2545 | D:3      | Gained mutation: When seriously injured, your bleeding wounds create armour. (AC +6) [demonic ancestry]
  2545 | D:3      | Reached XP level 5. HP: 32/41 MP: 0/8
  2639 | D:3      | Found a glowing golden altar of the Shining One.
  3036 | D:3      | Noticed Natasha
  3044 | D:3      | HP: 1/41 [Natasha (7)]
  3045 | D:3      | Slain by a kobold

Skill      XL: |  1  2  3  4 |
---------------+-------------+-----
Long Blades    | 2 3 |  3.8
Charms         | 3 |  3.6
Fighting       | 3 |  3.2
Armour         | |  0.8
Dodging        | |  0.8
Spellcasting   | |  2.0

Action                   |  1- 3 |  4- 6 || total
-------------------------+-------+-------++-------
Melee: Falchion          |   113 |   102 ||   215
 Cast: Infusion          |     8 |     7 ||    15
       Shroud of Golubri |     2 |     5 ||     7
 Stab: Sleeping          |     4 |     4 ||     8
  Eat: Chunk             |     2 |     5 ||     7
Armor: Leather armour    |    27 |    19 ||    46
Dodge: Dodged            |    77 |    62 ||   139
       Rpst.: Falchion   |    17 |    20 ||    37
